 Dungeon Sprint DCSS version 0.21.1-1-g345015f (webtiles) character file.

1641 Fang the Cleaver (level 8, -6/90 HPs)
             Began as a Gargoyle Berserker on July 23, 2018.
             Was a High Priest of Trog.
             Mangled by a shadow wraith (13 damage)
             ... in the Dungeon (Sprint VII: "The Pits").
             The game lasted 00:03:29 (1331 turns).

Fang the Cleaver (Gargoyle Berserker)               Turns: 1331, Time: 00:03:30

Health: -6/90      AC:  8    Str: 28    XL:     8   Next: 99%
Magic:  2/8        EV: 18    Int: 11    God:    Trog [*****.]
Gold:   0          SH:  0    Dex:  9    Spells: 7/7 levels left

rFire    . . .     SeeInvis .   u - +1 broad axe (freeze)
rCold    . . .     Gourm    .   (no shield)
rNeg     + . .     Faith    .   b - +0 animal skin
rPois    ∞         Spirit   .   (no helmet)
rElec    +         Reflect  .   (no cloak)
rCorr    .         Harm     .   (no gloves)
MR       .....     NoTele   +   (no boots)
Stlth    ..........             (no amulet)
HPRegen  0.25/turn              j - +3 ring of intelligence
MPRegen  0.11/turn              q - +3 ring of evasion

@: berserking, slowed
A: negative energy resistance 1, electricity resistance, unbreathing,
petrification resistance, rot immunity, AC +5
a: Berserk, Trog's Hand, Brothers in Arms, Burn Spellbooks, Renounce Religion


You were in the Dungeon.
You worshipped Trog.
Trog was extremely pleased with you.
You were not hungry.

You visited 1 branch

Inventory:

Hand Weapons
 n - a +1 hand axe of chopping
 o - a +3 battleaxe of electrocution
 p - a +4 antimagic battleaxe
 u - a +1 broad axe of freezing (weapon)
Missiles
 m - 4 javelins of returning (quivered)
Armour
 b - a +0 animal skin (worn)
Jewellery
 j - a +3 ring of intelligence (left hand)
 q - a +3 ring of evasion (right hand)
Scrolls
 i - a scroll of blinking
 k - 3 scrolls of remove curse
 l - a scroll of summoning
Potions
 a - 2 potions of invisibility
 d - 8 potions of curing
 e - 8 potions of heal wounds
 f - 3 potions of haste
 g - 4 potions of magic
 h - 3 potions of berserk rage
 r - a potion of resistance
 s - a potion of brilliance
 t - a potion of agility
Comestibles
 c - 8 rations


   Skills:
 + Level 12.1 Fighting
 + Level 12.2 Axes
 + Level 4.8 Armour
 + Level 7.2 Dodging
 + Level 1.4 Stealth


You had 7 spell levels left.
You didn't know any spells.

Dungeon Overview and Level Annotations

Branches:
Dungeon (1/1)

Altars:
Cheibriados
Dithmenos
Elyvilon
Fedhas
Gozag
Hepliaklqana
Makhleb
Nemelex Xobeh
Okawaru
Qazlal
Ru
Sif Muna
Trog
Vehumet
Wu Jian
Xom
Yredelemnul
Zin
The Shining One
Beogh
Jiyva
Lugonu


Innate Abilities, Weirdness & Mutations

You are resistant to torment.
Your stone body is resilient. (AC +5)
You are immune to poison.
You resist negative energy. (rN+)
You are resistant to electric shocks. (rElec)
You can survive without breathing.
You are immune to petrification.
You are immune to rotting.


Message History

Wield which item (- for none, * to show all)? (? for menu, Esc to quit)
You feel magic returning to you.
Your +1 broad axe of freezing glows with a cold blue light!
u - a +1 broad axe of freezing (weapon)
The red devil closely misses you. Something hits you!
Deactivating autopickup; reactivate with Ctrl-A.
You closely miss something. Something hits you! Something drains your vigour!
You feel yourself slow down. The red devil closely misses you.
You slash something! You freeze something. Something hits you!
The red devil misses you.
A red film seems to cover your vision as you go berserk!
You feel yourself moving faster!
You feel mighty!
You feel quite a bit more hungry. Something hits you!!
* * * LOW HITPOINT WARNING * * *
The red devil hits you from afar with a trident!
* * * LOW HITPOINT WARNING * * *
Something hits you.
* * * LOW HITPOINT WARNING * * *
You closely miss something. The red devil misses you. Something hits you!
You die...

__...###########++######
####'##................#
)))'.##......#..#......#
####.##................+
......'................+
#'#####......#..#......#
..#..##................#
..'..#####'#####''######
###'###.......##@{#
.....##.......##......+
.....##.......##.4....+
#'#####...<...##.....##
).)[.##.......##...###
)))[.##.......##..##
#######.......##++#
..#.. #########
..#.###########


You could see a red devil.

Vanquished Creatures
  A flayed ghost (D)
  A demonic crawler (D)
  A flying skull (D)
  A redback (D)
  2 floating eyes (D)
  An ogre (D)
  A wolf (D)
  2 crimson imps (D)
  A hound (D)
  A jelly (D)
  An orc priest (D)
  A worker ant (D)
  2 oozes (D)
  A leopard gecko (D)
  5 orcs (D)
  2 bat zombies (D)
  5 jackals (D)
  A quokka (D)
  A frilled lizard (D)
  A rat (D)
32 creatures vanquished.

Notes
Turn   | Place    | Note
-------+----------+-------------------------------------------
     0 | D        | Fang the Gargoyle Berserker began the quest for the Orb.
     0 | D        | Reached XP level 1. HP: 14/14 MP: 1/1
    13 | D        | Noticed a floating eye
    15 | D        | Paralysed by a floating eye for 4 turns
    22 | D        | Paralysed by a floating eye for 2 turns
    24 | D        | Killed a floating eye
    24 | D        | Reached skill level 5 in Axes
    24 | D        | Reached XP level 2. HP: 23/23 MP: 2/2
    24 | D        | Reached XP level 3. HP: 28/28 MP: 3/3
    24 | D        | Reached XP level 4. HP: 32/32 MP: 4/4
    29 | D        | Found a bloodstained altar of Trog.
    29 | D        | Found a deep blue altar of Sif Muna.
    29 | D        | Found a viscous altar of Jiyva.
    29 | D        | Found a hazy altar of Hepliaklqana.
    29 | D        | Found an opulent altar of Gozag.
    30 | D        | Found a glowing golden altar of the Shining One.
    30 | D        | Found a glowing silver altar of Zin.
    30 | D        | Found a basalt altar of Yredelemnul.
    30 | D        | Found a shimmering altar of Xom.
    30 | D        | Found an ornate altar of the Wu Jian Council.
    30 | D        | Found a sacrificial altar of Ru.
    30 | D        | Found a stormy altar of Qazlal.
    30 | D        | Found an iron altar of Okawaru.
    30 | D        | Found a sparkling altar of Nemelex Xobeh.
    30 | D        | Found a burning altar of Makhleb.
    30 | D        | Found a blossoming altar of Fedhas.
    30 | D        | Found a white marble altar of Elyvilon.
    30 | D        | Found a shadowy altar of Dithmenos.
    30 | D        | Found a snail-covered altar of Cheibriados.
    32 | D        | Found a radiant altar of Vehumet.
    32 | D        | Found a corrupted altar of Lugonu.
    32 | D        | Found a roughly hewn altar of Beogh.
    85 | D        | Reached ** piety under Trog
    92 | D        | Reached XP level 5. HP: 23/38 MP: 5/5
   223 | D        | Reached *** piety under Trog
   229 | D        | Reached **** piety under Trog
   229 | D        | Received a gift from Trog
   295 | D        | Reached ***** piety under Trog
   346 | D        | Noticed a floating eye
   347 | D        | Paralysed by a floating eye for 2 turns
   347 | D        | Noticed a wolf
   349 | D        | Noticed an ogre
   357 | D        | Paralysed by a floating eye for 2 turns
   362 | D        | Paralysed by a floating eye for 4 turns
   367 | D        | Received a gift from Trog
   369 | D        | Killed a floating eye
   369 | D        | Reached XP level 6. HP: 46/46 MP: 6/6
   378 | D        | Received a gift from Trog
   378 | D        | Reached skill level 10 in Fighting
   378 | D        | Reached XP level 7. HP: 34/52 MP: 7/7
   708 | D        | Noticed a redback
   715 | D        | Killed a redback
   715 | D        | Reached skill level 10 in Axes
   715 | D        | Reached skill level 5 in Dodging
   918 | D        | Noticed a flying skull
   927 | D        | Killed a flying skull
   928 | D        | Received a gift from Trog
   931 | D        | Reached XP level 8. HP: 60/60 MP: 8/8
   971 | D        | Noticed a flayed ghost
   971 | D        | Noticed a demonic crawler
   978 | D        | Killed a flayed ghost
   978 | D        | Reached skill level 1 in Stealth
   980 | D        | Killed a demonic crawler
  1324 | D        | Noticed a red devil
  1331 | D        | Mangled by a shadow wraith

Skill      XL: |  1  2  3  4  5  6  7  8 |
---------------+-------------------------+-----
Fighting       | 6 7 9 10 11 12 | 12.1
Axes           | 5 6 8 9 10 12 | 12.2
Armour         | 3 4 |  4.8
Dodging        | 2 4 5 7 |  7.2
Stealth        | 1 |  1.4

Action                   |  1- 3 |  4- 6 |  7- 9 || total
-------------------------+-------+-------+-------++-------
Melee: Hand axe          |     6 |    56 |    30 ||    92
       Battleaxe         |       |       |    27 ||    27
       Broad axe         |       |       |     3 ||     3
Invok: Berserk           |       |     2 |     4 ||     6
  Eat: Chunk             |       |       |     3 ||     3
       Ration            |       |       |     1 ||     1
Armor: Animal skin       |       |    15 |    17 ||    32
Dodge: Dodged            |       |    28 |    42 ||    70
